Map: 아크로폴리스 - 래더

Players

TSGSolar (Solar) - Winner!

  • Race: Zerg Zerg
  • League: Master
  • Spawn Location: 5:00

Ragnarok (SHIN)

  • Race: Zerg Zerg
  • League: Grandmaster
  • Spawn Location: 11:00

VOD

Have the link to the VOD?

Description

Time

  • Played on: Aug. 8, 2019, 7:28 a.m.
  • Length: 4:32
Show
View Real Time Build Order
Export as new Build Order

TSGSolar Zerg - Winner!

Build Orders: Hatch First 

Get SALT Encoding   

  12  0:01  Drone  
  13  0:12  Overlord  
  13  0:17  Drone  
  14  0:32  Drone x2  
  16  0:47  Hatchery  
  15  0:50  Drone  
  15  0:55  Drone  
  17  0:58  Drone  
  18  1:09  Extractor  
  17  1:13  Spawning Pool  
  17  1:15  Drone  
  17  1:19  Drone  
  18  1:28  Drone  
  19  1:39  Drone  
  20  1:50  Overlord  
  20  2:00  Queen x2, Zergling x2  
  20  2:01  Drone  
  26  2:11  Metabolic Boost  
  26  2:12  Zergling x4  
  28  2:17  Spine Crawler  
  28  2:22  Zergling x2  
  28  2:23  Zergling x2  
  29  2:35  Queen  
  29  2:36  Zergling x2  
  32  2:39  Zergling x2  
  32  2:46  Zergling x4  
  33  2:52  Queen  
  33  2:57  Zergling x2  
  35  3:00  Zergling x2  
  33  3:10  Zergling x4  
  34  3:14  Queen  
  34  3:22  Zergling x2  
  35  3:30  Overlord  
  35  3:33  Overlord  
  35  3:39  Zergling x6  
  32  3:51  Zergling x4  
  34  3:57  Baneling Nest  
  34  3:59  Drone  
  34  4:00  Drone  
  35  4:08  Drone  
  34  4:13  Drone  
Show
View Real Time Build Order
Export as new Build Order

Ragnarok Zerg 

Build Orders: 1 Base Baneling Bust, Pool First 

Get SALT Encoding   

  12  0:01  Drone  
  13  0:15  Extractor  
  12  0:24  Spawning Pool  
  11  0:29  Drone  
  11  0:33  Drone  
  13  0:38  Drone  
  14  0:50  Overlord  
  14  1:10  Queen  
  17  1:11  Zergling x2  
  17  1:17  Metabolic Boost  
  17  1:22  Zergling x2  
  18  1:28  Zergling x2  
  18  1:31  Zergling x2  
  20  1:41  Overlord  
  20  1:51  Baneling Nest  
  20  1:52  Zergling x2  
  20  1:56  Zergling x2  
  21  2:06  Zergling x2  
  22  2:16  Zergling x2  
  22  2:21  Zergling x6  
  26  2:28  Zergling x2  
  27  2:40  Baneling x4  
  27  2:41  Zergling x2  
  27  2:51  Zergling x6  
  29  3:03  Zergling x2  
  27  3:10  Zergling x2  
  27  3:12  Baneling  
  26  3:17  Drone  
  26  3:21  Drone x3  
  26  3:26  Drone  
  29  3:39  Drone  
  23  3:50  Drone  
  24  3:57  Hatchery  
  24  4:01  Drone  
  24  4:05  Drone  
  24  4:08  Zergling x2  
  26  4:11  Zergling x2  
Tags
 
Add a new tag
Caveats
  • Supply blocks, unpowered buildings, or Contaminate may cause inaccurate times.
  • Supply counts are checked every 10 seconds.